 Dungeon Crawl Stone Soup version 0.26.1-11-gd32895ea62 (webtiles) character file.

Game seed: 11110867071952241191

3040 phalm the Destroyer (level 9, -3/66 HPs)
             Began as a Gnoll Conjurer on June 15, 2021.
             Was an Elder of Okawaru.
             Slain by an unseen horror (4 damage)
             ... on level 8 of the Dungeon.
             The game lasted 00:16:37 (9118 turns).

phalm the Destroyer (Gnoll Conjurer)                Turns: 9118, Time: 00:16:38

Health: -3/66      AC:  4    Str: 10    XL:     9   Next: 86%
Magic:  3/19       EV: 16    Int: 23    God:    Okawaru [****..]
Gold:   500        SH:  0    Dex: 14    Spells: 7/21 levels left

rFire    + . .     SeeInvis .   a - +3 scimitar (flame)
rCold    + . .     Faith    .   (no shield)
rNeg     . . .     Spirit   .   M - +0 robe {rC+ rF+}
rPois    .         Reflect  .   J - +0 helmet
rElec    .         Harm     .   (no cloak)
rCorr    +         Rampage  .   (no gloves)
Will     .....                  D - +0 pair of boots
Stlth    +++.......             (no amulet)
HPRegen  0.21/turn              R - ring of resist corrosion
MPRegen  0.16/turn              (no ring)

@: no status effects
A: distributed training, fangs 1, strong nose
a: Renounce Religion, Heroism


You were on level 8 of the Dungeon.
You worshipped Okawaru.
Okawaru was greatly pleased with you.
You visited 1 branch of the dungeon, and saw 8 of its levels.
You also visited: Sewer.

You collected 500 gold pieces.


Innate Abilities, Weirdness & Mutations

Your experience applies equally to all skills.
You have very sharp teeth.
Your uncanny sense of smell can sniff out nearby items.


   Skills:
 + Level 4.6 Fighting
 + Level 4.6 Short Blades
 + Level 4.6 Long Blades
 + Level 4.6 Axes
 + Level 4.6 Maces & Flails
 + Level 4.6 Polearms
 + Level 4.6 Staves
 + Level 4.6 Slings
 + Level 4.6 Bows
 + Level 4.6 Crossbows
 + Level 4.6 Throwing
 + Level 4.6 Armour
 + Level 6.6 Dodging
 + Level 6.3 Stealth
 + Level 4.6 Shields
 + Level 4.6 Unarmed Combat
 + Level 6.9 Spellcasting
 + Level 8.2 Conjurations
 + Level 3.8 Hexes
 + Level 3.8 Summonings
 + Level 3.8 Necromancy
 + Level 3.8 Translocations
 + Level 3.8 Transmutations
 + Level 3.8 Fire Magic
 + Level 3.8 Ice Magic
 + Level 3.8 Air Magic
 + Level 3.8 Earth Magic
 + Level 3.8 Poison Magic
 + Level 5.1 Invocations
 + Level 4.6 Evocations


You had 7 spell levels left.
You knew the following spells:

 Your Spells              Type           Power        Failure   Level
b - Beastly Appendage     Tmut           50%          1%          1
f - Fulminant Prism       Conj/Hex       17%          6%          4
m - Magic Dart            Conj           100%         1%          1
s - Searing Ray           Conj           90%          1%          2
w - Wereblood             Tmut           25%          2%          2
X - Iskenderun's Mystic   Conj/Tloc      35%          6%          4

Your spell library contained the following spells:

 Spells                   Type           Power        Failure   Level
 Dazzling Flash           Conj/Hex       70%          1%          3
 Spider Form              Tmut/Pois      12%          4%          3
 Ice Form                 Ice/Tmut       25%          16%         4
 Blade Hands              Tmut           12%          41%         5

Inventory:

Hand Weapons
 a - a +3 scimitar of flaming (weapon)
   (You took it off Erica on level 8 of the Dungeon)
 l - a +2 mace of draining
   (You found it on level 2 of the Dungeon)
 F - a +2 whip of distortion {!w}
   (You took it off an orc on level 5 of the Dungeon)
Missiles
 j - 33 bolts
 q - 51 sling bullets
 r - 6 atropa-tipped darts
 v - 5 silver boomerangs
 w - 8 boomerangs
 z - 7 curare-tipped darts {=f}
 K - 21 poisoned darts
Armour
 D - a +0 pair of boots (worn)
   (You found it on level 5 of the Dungeon)
 E - a +2 ring mail of cold resistance
   (You took it off Edmund on level 5 of the Dungeon)
 J - a +0 helmet (worn)
   (You found it on level 7 of the Dungeon)
 M - a +0 robe of resistance (worn)
   (You took it off Erica on level 8 of the Dungeon)
Jewellery
 R - a ring of resist corrosion (left hand)
   (You found it on level 5 of the Dungeon)
Wands
 x - a wand of iceblast (6)
   (You took it off Ijyb on level 3 of the Dungeon)
 A - a wand of paralysis (6)
   (You found it on level 5 of the Dungeon)
 L - a wand of polymorph (9)
   (You found it on level 7 of the Dungeon)
Scrolls
 b - 2 scrolls of blinking {!r}
 d - 4 scrolls of teleportation {@r4}
 e - 5 scrolls of remove curse {@r2}
 m - 2 scrolls of enchant armour
 p - a scroll of immolation {!r!r}
 u - 4 scrolls of fear
 y - a scroll of fog
 C - a scroll of enchant weapon
 G - a scroll of amnesia
 I - a scroll of noise {!r}
Potions
 c - 3 potions of resistance
 f - 5 potions of haste {@q3}
 g - 5 potions of flight
 h - a potion of heal wounds {unknown}
 i - 2 potions of brilliance
 k - 2 potions of curing {@q1}
 n - a potion of cancellation {unknown}
 o - 2 potions of magic
 s - 2 potions of might
 t - a potion of lignification {unknown}
 B - 3 potions of berserk rage {!q}
 H - a potion of mutation {unknown}

Dungeon Overview and Level Annotations

Branches:
Dungeon (8/15)             Temple (0/1) D:4           Sewer (visited)
   Lair: D:8-11

Altars:
Dithmenos
Hepliaklqana
Okawaru
Qazlal
Ru
Sif Muna
Wu Jian
Xom
Zin

Shops:
D:5 }

Annotations:
D:5 1 runed translucent door, oc3rt's ghost, amateur HuHu

.. #......# #.# #
.>. #......# #.###
.... #......#
#...# ..#
###+#'### ###.#
... ..#.#.# ####.#
#.#.###.#.#.#
#....#
#.....#.#.#'##
#.####
#.#.#..<.####.#<##
#@#.'....'....#...
#.###....####.#.##
#...'....'..#####
#####....##.#
#....##.#
#######.# #.######
#....... ########


There were no monsters in sight!


Message History

A bullfrog and a skeleton come into view.
The magic dart hits the bullfrog!
The bullfrog gives a loud, deep croak! 😎 MP[-1]
You lost 1 mp, and now have 18/19 mp.
The magic dart hits the bullfrog. 😎 MP[-1]
You lost 1 mp, and now have 17/19 mp.
The magic dart hits something but does no damage.
Something completely misses you. 😎 MP[-1]
You lost 1 mp, and now have 16/19 mp.
The magic dart hits something but does no damage.
Something hits you.
Deactivating autopickup; reactivate with Ctrl-A.
Something hits you. 😕 HP[-7] MP[-1]
You take 7 damage, and now have 59/66 hp.
You lost 1 mp, and now have 15/19 mp.
The magic dart hits the bullfrog.
Something barely misses you. Something hits you.
The bullfrog barely misses you. 😕 HP[-5] MP[-1]
You take 5 damage, and now have 54/66 hp.
You lost 1 mp, and now have 14/19 mp.
Something barely misses you. 😕 MP[+1]
Casting: Magic Dart (safe; 1% risk of failure)
Confirm with . or Enter, or press ? or * to list all spells.
Aiming: Searing Ray (safe; 1% risk of failure)
Press: ? - help, Shift-Dir - straight line, p - bullfrog The searing ray hits the bullfrog!
You kill the bullfrog!
Okawaru accepts your kill. (Press . to maintain the ray.)
Something hits you. 😕 MP[-2]
You lost 2 mp, and now have 13/19 mp.
The searing ray hits something.
The searing ray hits the centaur skeleton!
Something hits you.
The centaur skeleton misses you. 😮 HP[-5] MP[-1]
You take 5 damage, and now have 49/66 hp.
You lost 1 mp, and now have 12/19 mp.
The searing ray hits the centaur skeleton!
The centaur skeleton barely misses you. 😮 MP[-1]
You lost 1 mp, and now have 11/19 mp.
The searing ray hits the centaur skeleton!!
You destroy the centaur skeleton!
Okawaru accepts your kill.
You finish channeling your searing ray.
Something hits you. 😮 HP[-3] MP[-1]
You take 3 damage, and now have 46/66 hp.
You lost 1 mp, and now have 10/19 mp.
Something hits you. Something barely misses you. 😮 HP[-3]
You take 3 damage, and now have 43/66 hp.
Something hits you! 😮 HP[-9]
You take 9 damage, and now have 34/66 hp.
Something hits you!
* * * LOW HITPOINT WARNING * * *
Something hits you!
* * * LOW HITPOINT WARNING * * *
😱 HP[-21] MP[+1]
You take 21 damage, and now have 13/66 hp.
MASSIVE DAMAGE!! (PAUSE)
Okay, then.
Casting: Searing Ray (safe; 1% risk of failure)
Confirm with . or Enter, or press ? or * to list all spells.
Okay, then.
Okay, then.
Casting: Searing Ray (safe; 1% risk of failure)
Confirm with . or Enter, or press ? or * to list all spells.
You can't see any susceptible monsters within range! (Use Z to cast anyway.)
Casting: Searing Ray (safe; 1% risk of failure)
Confirm with . or Enter, or press ? or * to list all spells.
You erupt in a blast of force!
The mystic blast hits something!
Something barely misses you. 😱 MP[-4]
You lost 4 mp, and now have 7/19 mp.
Casting: Iskenderun's Mystic Blast (dangerous; 6% risk of failure)
Confirm with . or Enter, or press ? or * to list all spells.
You erupt in a blast of force!
The mystic blast hits something!
Something hits you but does no damage. 😱 MP[-4]
You lost 4 mp, and now have 3/19 mp.
Casting: Iskenderun's Mystic Blast (dangerous; 6% risk of failure)
Confirm with . or Enter, or press ? or * to list all spells.
You can't see any susceptible monsters within range! (Use Z to cast anyway.)
You hit something. You burn something. Something hits you.
* * * LOW HITPOINT WARNING * * *
Something closely misses you. Something hits you.
* * * LOW HITPOINT WARNING * * *
😱 HP[-9]
You take 9 damage, and now have 4/66 hp.
You closely miss something. Something hits you.
* * * LOW HITPOINT WARNING * * *
Something hits you.
You die...

Skill      XL: |  1  2  3  4  5  6  7  8  9 |
---------------+----------------------------+-----
Spellcasting   | 5 6 |  6.9
Invocations    | 1 2 3 4 5 |  5.1
Fighting       | 1 2 3 4 |  4.6
Short Blades   | 1 2 3 4 |  4.6
Long Blades    | 1 2 3 4 |  4.6
Axes           | 1 2 3 4 |  4.6
Maces & Flails | 1 2 3 4 |  4.6
Polearms       | 1 2 3 4 |  4.6
Staves         | 1 2 3 4 |  4.6
Slings         | 1 2 3 4 |  4.6
Bows           | 1 2 3 4 |  4.6
Crossbows      | 1 2 3 4 |  4.6
Throwing       | 1 2 3 4 |  4.6
Armour         | 1 2 3 4 |  4.6
Shields        | 1 2 3 4 |  4.6
Unarmed Combat | 1 2 3 4 |  4.6
Evocations     | 1 2 3 4 |  4.6
Hexes          | 1 2 3 |  3.8
Summonings     | 1 2 3 |  3.8
Necromancy     | 1 2 3 |  3.8
Translocations | 1 2 3 |  3.8
Transmutations | 1 2 3 |  3.8
Fire Magic     | 1 2 3 |  3.8
Ice Magic      | 1 2 3 |  3.8
Air Magic      | 1 2 3 |  3.8
Earth Magic    | 1 2 3 |  3.8
Poison Magic   | 1 2 3 |  3.8
Dodging        | 5 6 |  6.6
Stealth        | 5 6 |  6.3
Conjurations   | 8 |  8.2

Action                   |  1- 3 |  4- 6 |  7- 9 || total
-------------------------+-------+-------+-------++-------
Melee: Mace              |       |     4 |    33 ||    37
       Bite              |       |       |     3 ||     3
       Punch             |       |       |     2 ||     2
       Scimitar          |       |       |     2 ||     2
Throw: Dart              |       |       |     3 ||     3
 Cast: Magic Dart        |    67 |   109 |   175 ||   351
       Searing Ray       |       |     7 |    30 ||    37
       Iskenderun's Myst |       |     1 |     4 ||     5
       Fulminant Prism   |       |       |     3 ||     3
  Use: Scroll            |       |     9 |     9 ||    18
       Potion            |       |     1 |       ||     1
 Stab: Sleeping          |       |       |     1 ||     1
Armor: Robe              |     1 |     1 |     6 ||     8
Dodge: Dodged            |     1 |    25 |    75 ||   101

Levels and vault maps discovered:
D:1:      dpeg_arrival_signposts, layout_basic, minmay_tromino_v4_a
D:2:      layout_basic, nicolae_overflow_crystal_walls,
          chequers_serial_rivers_marsh
D:3:      layout_basic, cheibrodos_sewer_entry_drain, uniq_jessica,
          uniq_sigmund, uniq_ijyb
D:4:      layout_cave_pools, temple_hall, minmay_misc_feat_enclosed,
          grunt_decor_one_mirror, okawaru_altar_gauntlet_db
D:5:      layout_loops_cross, nzn_hepliaklqana_mist_gate,
          hellmonk_ghost_happy_afterlife, serial_shops, shop,
          minmay_misc_feat_x, corexii_shack, minmay_divided_ellipse, uniq_edmund
D:6:      layout_rooms, xom_redecorated, zin_statuary, basic_altar,
          lemuel_statue_altar
D:7:      layout_loops_cross, gammafunk_temple_overflow_wave,
          old_standard_altar, uniq_menkaure
D:8:      layout_basic, erik_lair_island, st_stairs_4, uniq_erica

Notes
Turn   | Place    | Note
-------+----------+-------------------------------------------
     0 | D:1      | phalm the Gnoll Conjurer began the quest for the Orb.
     0 | D:1      | Reached XP level 1. HP: 13/13 MP: 6/6
     0 | D:1      | magus.rc [v1.9.10]
   127 | D:1      | Reached XP level 2. HP: 19/19 MP: 0/7
   147 | D:1      | Learned a level 2 spell: Searing Ray
   846 | D:2      | Reached skill level 5 in Spellcasting
   846 | D:2      | Reached XP level 3. HP: 25/25 MP: 0/9
   983 | D:2      | Found a sacrificial altar of Ru.
  1237 | D:2      | Reached skill level 1 in Invocations
  1357 | D:2      | Reached skill level 1 in Fighting
  1357 | D:2      | Reached skill level 1 in Short Blades
  1357 | D:2      | Reached skill level 1 in Long Blades
  1357 | D:2      | Reached skill level 1 in Axes
  1357 | D:2      | Reached skill level 1 in Maces & Flails
  1357 | D:2      | Reached skill level 1 in Polearms
  1357 | D:2      | Reached skill level 1 in Staves
  1357 | D:2      | Reached skill level 1 in Slings
  1357 | D:2      | Reached skill level 1 in Bows
  1357 | D:2      | Reached skill level 1 in Crossbows
  1357 | D:2      | Reached skill level 1 in Throwing
  1357 | D:2      | Reached skill level 1 in Armour
  1357 | D:2      | Reached skill level 1 in Shields
  1357 | D:2      | Reached skill level 1 in Unarmed Combat
  1357 | D:2      | Reached skill level 1 in Evocations
  1471 | D:2      | Reached XP level 4. HP: 32/32 MP: 4/11
  1736 | D:3      | Found a glowing drain.
  1737 | D:3      | Noticed Sigmund
  1740 | D:3      | Noticed Ijyb
  1743 | Sewer    | Entered a sewer
  2159 | Sewer    | Reached skill level 1 in Hexes
  2159 | Sewer    | Reached skill level 1 in Summonings
  2159 | Sewer    | Reached skill level 1 in Necromancy
  2159 | Sewer    | Reached skill level 1 in Translocations
  2159 | Sewer    | Reached skill level 1 in Transmutations
  2159 | Sewer    | Reached skill level 1 in Fire Magic
  2159 | Sewer    | Reached skill level 1 in Ice Magic
  2159 | Sewer    | Reached skill level 1 in Air Magic
  2159 | Sewer    | Reached skill level 1 in Earth Magic
  2159 | Sewer    | Reached skill level 1 in Poison Magic
  2334 | Sewer    | Reached XP level 5. HP: 37/37 MP: 10/12
  2343 | Sewer    | Learned a level 4 spell: Fulminant Prism
  2348 | Sewer    | Learned a level 4 spell: Iskenderun's Mystic Blast
  2569 | Sewer    | Noticed a malarious merfolk avatar
  2587 | Sewer    | Killed a malarious merfolk avatar
  3200 | D:3      | Killed Sigmund
  3201 | D:3      | Reached skill level 2 in Fighting
  3201 | D:3      | Reached skill level 2 in Short Blades
  3201 | D:3      | Reached skill level 2 in Long Blades
  3201 | D:3      | Reached skill level 2 in Axes
  3201 | D:3      | Reached skill level 2 in Maces & Flails
  3201 | D:3      | Reached skill level 2 in Polearms
  3201 | D:3      | Reached skill level 2 in Staves
  3201 | D:3      | Reached skill level 2 in Slings
  3201 | D:3      | Reached skill level 2 in Bows
  3201 | D:3      | Reached skill level 2 in Crossbows
  3201 | D:3      | Reached skill level 2 in Throwing
  3201 | D:3      | Reached skill level 2 in Armour
  3201 | D:3      | Reached skill level 5 in Dodging
  3201 | D:3      | Reached skill level 2 in Shields
  3201 | D:3      | Reached skill level 2 in Unarmed Combat
  3201 | D:3      | Reached skill level 2 in Invocations
  3201 | D:3      | Reached skill level 2 in Evocations
  3201 | D:3      | Reached XP level 6. HP: 26/44 MP: 7/14
  3913 | D:3      | Noticed Jessica
  3914 | D:3      | Killed Jessica
  3915 | D:3      | Reached XP level 7. HP: 50/50 MP: 12/15
  4012 | D:3      | Killed Ijyb
  4585 | D:4      | You pick up a book of Changes and begin reading...
  4585 | D:4      | You add the spells Beastly Appendage, Wereblood, Spider
                  | Form, Ice Form and Blade Hands to your library.
  4826 | D:4      | Reached skill level 2 in Hexes
  4826 | D:4      | Reached skill level 2 in Summonings
  4826 | D:4      | Reached skill level 2 in Necromancy
  4826 | D:4      | Reached skill level 2 in Translocations
  4826 | D:4      | Reached skill level 2 in Transmutations
  4826 | D:4      | Reached skill level 2 in Fire Magic
  4826 | D:4      | Reached skill level 2 in Ice Magic
  4826 | D:4      | Reached skill level 2 in Air Magic
  4826 | D:4      | Reached skill level 2 in Earth Magic
  4826 | D:4      | Reached skill level 2 in Poison Magic
  4917 | D:4      | Found an iron altar of Okawaru.
  5000 | D:4      | Found a staircase to the Ecumenical Temple.
  5059 | D:4      | Became a worshipper of Warmaster Okawaru
  5093 | D:5      | Entered Level 5 of the Dungeon
  5111 | D:5      | Found Wuraih's Gadget Shoppe.
  5580 | D:5      | Noticed Edmund
  5616 | D:5      | Killed Edmund
  5616 | D:5      | Reached * piety under Okawaru
  5617 | D:5      | Reached skill level 5 in Stealth
  5617 | D:5      | Reached skill level 3 in Invocations
  5977 | D:5      | Reached XP level 8. HP: 57/57 MP: 11/16
  6059 | D:5      | Reached skill level 3 in Fighting
  6059 | D:5      | Reached skill level 3 in Short Blades
  6059 | D:5      | Reached skill level 3 in Long Blades
  6059 | D:5      | Reached skill level 3 in Axes
  6059 | D:5      | Reached skill level 3 in Maces & Flails
  6059 | D:5      | Reached skill level 3 in Polearms
  6059 | D:5      | Reached skill level 3 in Staves
  6059 | D:5      | Reached skill level 3 in Slings
  6059 | D:5      | Reached skill level 3 in Bows
  6059 | D:5      | Reached skill level 3 in Crossbows
  6059 | D:5      | Reached skill level 3 in Throwing
  6059 | D:5      | Reached skill level 3 in Armour
  6059 | D:5      | Reached skill level 3 in Shields
  6059 | D:5      | Reached skill level 3 in Unarmed Combat
  6059 | D:5      | Reached skill level 3 in Evocations
  6186 | D:5      | Found a runed translucent door.
  6186 | D:5      | Noticed oc3rt's ghost (amateur HuHu)
  6460 | D:5      | Found a hazy altar of Hepliaklqana.
  6483 | D:5      | Reached skill level 6 in Spellcasting
  6556 | D:5      | Reached ** piety under Okawaru
  6933 | D:6      | Reached skill level 4 in Invocations
  7020 | D:6      | Found a shimmering altar of Xom.
  7021 | D:6      | Found a shimmering altar of Xom.
  7021 | D:6      | Found a shimmering altar of Xom.
  7021 | D:6      | Found a shimmering altar of Xom.
  7029 | D:6      | Found a shimmering altar of Xom.
  7068 | D:6      | Reached skill level 3 in Hexes
  7068 | D:6      | Reached skill level 3 in Summonings
  7068 | D:6      | Reached skill level 3 in Necromancy
  7068 | D:6      | Reached skill level 3 in Translocations
  7068 | D:6      | Reached skill level 3 in Transmutations
  7068 | D:6      | Reached skill level 3 in Fire Magic
  7068 | D:6      | Reached skill level 3 in Ice Magic
  7068 | D:6      | Reached skill level 3 in Air Magic
  7068 | D:6      | Reached skill level 3 in Earth Magic
  7068 | D:6      | Reached skill level 3 in Poison Magic
  7187 | D:6      | Reached skill level 6 in Dodging
  7196 | D:6      | Reached XP level 9. HP: 54/65 MP: 5/18
  7285 | D:6      | Found a glowing silver altar of Zin.
  7405 | D:6      | Found a shimmering blue altar of Sif Muna.
  7577 | D:6      | Found a shimmering altar of Xom.
  7870 | D:7      | Learned a level 1 spell: Beastly Appendage
  7873 | D:7      | Learned a level 2 spell: Wereblood
  7910 | D:7      | Noticed Menkaure
  7917 | D:7      | Killed Menkaure
  7918 | D:7      | Reached skill level 4 in Fighting
  7918 | D:7      | Reached skill level 4 in Short Blades
  7918 | D:7      | Reached skill level 4 in Long Blades
  7918 | D:7      | Reached skill level 4 in Axes
  7918 | D:7      | Reached skill level 4 in Maces & Flails
  7918 | D:7      | Reached skill level 4 in Polearms
  7918 | D:7      | Reached skill level 4 in Staves
  7918 | D:7      | Reached skill level 4 in Slings
  7918 | D:7      | Reached skill level 4 in Bows
  7918 | D:7      | Reached skill level 4 in Crossbows
  7918 | D:7      | Reached skill level 4 in Throwing
  7918 | D:7      | Reached skill level 4 in Armour
  7918 | D:7      | Reached skill level 4 in Shields
  7918 | D:7      | Reached skill level 4 in Unarmed Combat
  7918 | D:7      | Reached skill level 4 in Evocations
  8188 | D:7      | Reached skill level 6 in Stealth
  8188 | D:7      | Reached skill level 8 in Conjurations
  8390 | D:7      | Found a shadowy altar of Dithmenos.
  8517 | D:7      | Reached *** piety under Okawaru
  8814 | D:7      | Found a stormy altar of Qazlal.
  8814 | D:7      | Found an ornate altar of the Wu Jian Council.
  8863 | D:8      | Noticed Erica
  8882 | D:8      | Killed Erica
  8882 | D:8      | Reached **** piety under Okawaru
  8883 | D:8      | Reached skill level 5 in Invocations
  9114 | D:8      | HP: 13/66 [something (12)]
  9117 | D:8      | HP: 4/66 [something (3)]
  9118 | D:8      | HP: 1/66 [something (4)]
  9118 | D:8      | Slain by an unseen horror

Vanquished Creatures
  Erica (D:8)
  Sigmund (D:3)
  A steam dragon (D:7)
  Menkaure (D:7)
  Edmund (D:5)
  2 ice beasts (D:5)
  A hornet zombie (D:6)
  A phantom (D:5)
  3 centaurs
  4 bullfrogs
  A scorpion (D:7)
  A centaur zombie (D:6)
  3 hounds
  2 centaur skeletons
  2 orc priests (D:6)
  A jelly (D:8)
  An orc wizard (D:5)
  2 iguanas
  Ijyb (D:3)
  Jessica (D:3)
  2 merfolk sirens (Sewer)
  4 worker ants
  A merfolk avatar (Sewer)
  A hound zombie (D:6)
  2 gnolls (D:4)
  16 adders
  2 river rats (Sewer)
  3 shadow imps
  3 white imps (D:5)
  An ufetubus (D:5)
  2 oozes
  An adder skeleton (D:5)
  An adder zombie (D:7)
  2 worms (D:3)
  3 dart slugs
  6 leopard geckos
  17 orcs
  8 giant cockroaches
  9 goblins
  12 hobgoblins
  2 jackals (D:7)
  7 kobolds
  2 quokkas
  7 ball pythons
  5 bats
  11 frilled lizards
  A jackal skeleton (D:3)
  27 rats
189 creatures vanquished.

Vanquished Creatures (others)
  3 fulminant prisms (D:8)
3 creatures vanquished.

Grand Total: 192 creatures vanquished

Table legend:
 A = Non-vault XP
 B = Vault XP
 C = Vault XP percentage of total XP
 D = Non-vault monster count
 E = Vault monster count
 F = Vault count percentage of total count
                 A         B        C        D         E       F
            +---------+---------+-------+---------+---------+-------
      Total |    2108 |    2236 |  51.5 |     120 |      69 |  36.5
            +---------+---------+-------+---------+---------+-------
        D:1 |      29 |       2 |   6.5 |      17 |       1 |   5.6
        D:2 |      63 |       0 |   0.0 |      18 |       0 |   0.0
        D:3 |      79 |     312 |  79.8 |      23 |       6 |  20.7
        D:4 |     116 |      37 |  24.2 |       5 |       6 |  54.5
        D:5 |     596 |     493 |  45.3 |      25 |      10 |  28.6
        D:6 |     666 |       0 |   0.0 |      20 |       0 |   0.0
        D:7 |     519 |     175 |  25.2 |      11 |       1 |   8.3
        D:8 |      40 |    1023 |  96.2 |       1 |       3 |  75.0
      Sewer |       0 |     194 | 100.0 |       0 |      42 | 100.0
            +---------+---------+-------+---------+---------+-------

Illustrated notes

Table legend:
 A = Kills in this place as a percentage of kills in entire the game.
 B = Kills by you in this place as a percentage of kills by you in the entire game.
 C = Kills by friends in this place as a percentage of kills by friends in the entire game.
 D = Other kills in this place as a percentage of other kills in the entire game.
 E = Experience gained in this place as a percentage of experience gained in the entire game.
 F = Experience gained in this place divided by the number of levels of this place that you have seen.
                   A       B       C       D       E      F
               +-------+-------+-------+-------+-------+----------------------
         Total | 100.0 | 100.0 |   N/A |   N/A | 100.0 | 482.7
       Dungeon |  77.8 |  77.8 |   N/A |   N/A |  95.5 | 518.8
         Sewer |  22.2 |  22.2 |   N/A |   N/A |   4.5 | 194.0
               +-------+-------+-------+-------+-------+----------------------

Table legend: (Time is in decaauts)
 A = Elapsed time spent in this place.
 B = Non-inter-level travel time spent in this place.
 C = Inter-level travel time spent in this place.
 D = Time resting spent in this place.
 E = Time spent auto-exploring this place.
 F = Levels seen in this place.
 G = Mean time per level.
                   A        B        C        D        E       F      G
               +--------+--------+--------+--------+--------+-----+--------+
         Total |   9208 |   8969 |    239 |    255 |   7481 |   9 | 1023.1 |
       Dungeon |   7787 |   7548 |    239 |     17 |   6763 |   8 |  973.4 |
         Sewer |   1420 |   1420 |      0 |    238 |    717 |   1 | 1420.0 |
               +--------+--------+--------+--------+--------+-----+--------+

Top non-repeatable levels by time:
     D:5: 1698 daAuts
   Sewer: 1420 daAuts
     D:3: 1230 daAuts
     D:6: 1049 daAuts
     D:7: 996 daAuts
     D:2: 896 daAuts
     D:1: 833 daAuts
     D:4: 798 daAuts
     D:8: 284 daAuts
